Map: Acropolis LE

Players

PeLLy - Winner!

  • Race: Zerg Zerg
  • League: Diamond
  • Spawn Location: 11:00

Lehdari

  • Race: Protoss Protoss
  • League: Diamond
  • Spawn Location: 5:00

VOD

Have the link to the VOD?

Description

Time

  • Played on: Aug. 12, 2019, 3:49 p.m.
  • Length: 8:44
Show
View Real Time Build Order
Export as new Build Order

PeLLy Zerg - Winner!

Build Orders: Pool First 

Get SALT Encoding   

  12  0:01  Drone  
  13  0:13  Overlord  
  13  0:22  Drone  
  14  0:31  Drone x2  
  16  0:42  Drone  
  17  1:01  Drone  
  18  1:11  Hatchery, Spawning Pool  
  18  1:16  Drone  
  18  1:17  Drone  
  19  1:25  Drone  
  19  1:29  Overlord  
  19  1:41  Drone  
  20  1:48  Extractor  
  20  1:50  Extractor  
  19  1:59  Zergling x2  
  20  2:08  Drone  
  21  2:12  Hatchery  
  20  2:22  Zergling x2  
  21  2:28  Queen x2  
  21  2:29  Drone  
  26  2:30  Drone  
  26  2:34  Drone  
  26  2:35  Drone  
  29  2:44  Drone  
  30  2:46  Drone  
  31  2:57  Drone x2  
  33  3:06  Overlord  
  33  3:14  Queen  
  33  3:15  Drone  
  36  3:21  Overlord  
  36  3:22  Overlord  
  36  3:39  Drone x6  
  42  3:53  Drone x5  
  46  3:57  Lair  
  46  4:02  Roach Warren, Drone  
  45  4:03  Drone x2  
  45  4:05  Queen  
  49  4:16  Drone x3  
  52  4:24  Drone x2  
  52  4:25  Drone  
  52  4:28  Extractor  
  52  4:29  Extractor  
  53  4:31  Extractor  
  52  4:42  Overlord x3  
  52  4:43  Overlord  
  52  4:52  Drone, Evolution Chamber  
  52  4:55  Drone x2  
  52  4:57  Glial Reconstitution  
  54  5:06  Spore Crawler  
  53  5:08  Spore Crawler  
  53  5:09  Spore Crawler  
  53  5:10  Roach x9  
  69  5:19  Overseer  
  69  5:25  Roach x4  
  77  5:34  Drone x4  
  81  6:12  Roach  
  81  6:13  Roach x3  
  81  6:14  Overlord x4  
  89  6:29  Ravager  
  89  6:32  Overlord x4  
  88  6:50  Roach x15  
  108  7:25  Roach x9  
  118  7:41  Ravager  
  119  7:46  Overseer x2  
  117  8:02  Zergling x6  
  117  8:03  Zergling x12  
  124  8:10  Ravager  
  124  8:11  Ravager  
Show
View Real Time Build Order
Export as new Build Order

Lehdari Protoss 

Build Orders: 1 Gate Expand, Zealot Archon, Dark Templar Rush 

Get SALT Encoding   

  12  0:01  Probe  
  13  0:13  Probe  
  14  0:20  Pylon  
  14  0:25  Probe  
  15  0:36  Probe  
  15  0:39  Gateway  
  16  0:44  Probe  
  16  0:49  Assimilator  
  17  0:54  Probe  
  18  1:01  Pylon  
  18  1:09  Probe  
  19  1:21  Probe  
  20  1:33  Nexus  
  20  1:40  Probe  
  21  1:55  Cybernetics Core  
  21  1:57  Probe  
  22  2:02  Pylon, Assimilator  
  22  2:10  Probe  
  23  2:20  Gateway  
  23  2:22  Probe  
  24  2:34  Probe  
  24  2:35  Twilight Council  
  25  2:40  Stalker  
  25  2:42  Assimilator  
  25  2:44  Warp Gate  
  25  2:46  Probe  
  28  2:54  Probe  
  29  2:59  Probe  
  30  3:06  Probe  
  30  3:11  Stalker, Probe  
  34  3:24  Dark Shrine  
  34  3:29  Robotics Facility  
  34  3:30  Probe  
  34  3:31  Probe  
  35  3:42  Probe  
  35  3:43  Probe  
  37  3:54  Probe x2  
  38  4:02  Probe x2  
  41  4:10  Probe x2  
  41  4:12  Gateway  
  41  4:14  Gateway  
  43  4:22  Probe x2  
  45  4:25  Shield Battery  
  45  4:34  Pylon  
  45  4:38  Probe  
  46  4:41  Warp Prism  
  46  4:52  Probe x2  
  50  5:04  Probe x2  
  50  5:05  Nexus  
  52  5:10  Pylon  
  52  5:11  Pylon  
  52  5:16  Probe x2  
  54  5:28  Probe x2  
  56  5:29  Forge  
  56  5:32  Forge  
  56  5:35  Pylon  
  56  5:36  Templar Archives  
  56  5:40  Probe x2  
  58  5:46  Pylon  
  58  5:54  Dark Templar x4  
  62  6:09  Archon  
  62  6:20  Probe x3  
  64  6:27  Dark Templar x2  
  64  6:29  Dark Templar  
  64  6:30  Dark Templar  
  64  6:32  Probe x3  
  75  6:39  Immortal  
  78  6:44  Probe x3  
  77  6:47  Archon  
  73  6:56  Probe  
  70  7:04  Stalker x4  
  75  7:20  Gateway  
  63  7:24  Pylon  
  63  7:26  Gateway  
  63  7:27  Probe x3  
  63  7:28  Gateway  
  63  7:29  Gateway  
  55  7:38  Dark Templar x2  
  55  7:39  Probe x3  
  41  8:03  Dark Templar x2  
  38  8:09  Probe  
  38  8:10  Probe  
  33  8:21  Probe  
  33  8:22  Probe  
Tags
 
Add a new tag
Caveats
  • Supply blocks, unpowered buildings, or Contaminate may cause inaccurate times.
  • Supply counts are checked every 10 seconds.